Map: [ESL] Babylon

Players

Serral - Winner!

  • Race: Zerg Zerg
  • Spawn Location: 11:00

GunGFuBanDa

  • Race: Protoss Protoss
  • Spawn Location: 5:00

Event: ESL SC2 Masters 2023 Summer (Regionals)

VOD

Have the link to the VOD?

Description

Time

  • Played on: May 17, 2023, 10:28 a.m.
  • Length: 10:52

All games in this series

Show
View Real Time Build Order
Export as new Build Order

Serral Zerg - Winner!

Build Orders: Pool First 

Get SALT Encoding   

  12  0:00  Drone  
  13  0:11  Overlord  
  13  0:17  Drone  
  14  0:30  Drone x2  
  14  0:34  Drone  
  17  0:46  Spawning Pool  
  16  1:05  Hatchery  
  16  1:08  Drone  
  16  1:12  Drone  
  16  1:18  Drone  
  18  1:25  Extractor  
  17  1:32  Queen  
  17  1:33  Zergling x2  
  17  1:35  Drone  
  21  1:41  Overlord  
  21  1:52  Drone  
  22  2:02  Drone  
  22  2:08  Queen  
  23  2:13  Drone  
  26  2:18  Drone  
  27  2:24  Drone  
  27  2:26  Metabolic Boost  
  28  2:33  Hatchery  
  28  2:36  Drone  
  28  2:39  Drone  
  28  2:43  Drone x2  
  31  2:49  Overlord  
  31  2:55  Queen  
  31  2:57  Drone  
  34  3:00  Drone  
  34  3:03  Drone  
  36  3:07  Overlord  
  36  3:16  Drone x3  
  36  3:18  Drone x3  
  42  3:22  Queen  
  44  3:28  Drone  
  44  3:30  Queen  
  47  3:35  Overlord  
  47  3:41  Roach Warren  
  47  3:42  Drone  
  47  3:43  Extractor  
  47  3:48  Drone x3  
  49  3:52  Queen  
  49  3:55  Zergling x4  
  53  4:00  Overlord  
  53  4:02  Zergling x4  
  55  4:05  Overlord  
  55  4:09  Drone  
  56  4:10  Zergling x4  
  56  4:13  Overlord  
  58  4:21  Roach x3  
  58  4:23  Overlord  
  64  4:32  Roach x3  
  64  4:36  Overlord  
  70  4:39  Drone x2  
  70  4:43  Spore Crawler  
  71  4:47  Lair  
  71  4:49  Drone x2  
  71  4:50  Drone  
  75  4:55  Drone x2  
  75  4:56  Drone x3  
  80  5:02  Drone  
  80  5:03  Drone x2  
  80  5:07  Drone x3  
  85  5:08  Overlord  
  85  5:12  Roach x2  
  90  5:18  Zergling x4  
  90  5:19  Drone x2  
  94  5:26  Extractor x2, Evolution Chamber  
  94  5:27  Drone x5  
  96  5:33  Evolution Chamber  
  96  5:37  Baneling Nest  
  96  5:39  Drone x3  
  96  5:40  Overlord  
  98  5:46  Glial Reconstitution  
  98  5:48  Hatchery  
  97  5:50  Roach  
  97  5:51  Roach, Overlord  
  97  5:53  Extractor  
  97  5:55  Zerg Melee Weapons Level 1  
  100  5:57  Overseer  
  100  5:59  Roach x2  
  100  6:02  Overlord  
  104  6:05  Roach x2  
  104  6:07  Overseer  
  104  6:08  Overlord  
  108  6:13  Drone x2  
  108  6:14  Drone x4  
  114  6:20  Extractor, Centrifugal Hooks  
  114  6:22  Drone x3  
  114  6:24  Overlord  
  116  6:26  Roach  
  116  6:30  Roach x2  
  122  6:35  Overlord x2  
  122  6:38  Roach x2  
  126  6:42  Roach x2  
  130  6:49  Drone x4  
  130  6:52  Ravager x2  
  130  6:53  Overlord  
  136  6:56  Ravager x2  
  136  6:57  Drone x6  
  144  7:01  Infestation Pit  
  144  7:03  Roach x2  
  144  7:07  Zergling x4  
  149  7:10  Zergling x2  
  149  7:13  Zergling x2  
  151  7:16  Queen  
  151  7:17  Zergling x10  
  151  7:20  Overseer  
  158  7:23  Overlord, Zergling x2  
  158  7:24  Zergling x4  
  158  7:25  Overlord x2  
  160  7:41  Drone x3  
  160  7:42  Drone x4  
  166  7:46  Hive  
  166  7:48  Zergling x8  
  166  7:50  Zergling x6  
  166  7:51  Zerg Melee Weapons Level 2  
  173  7:55  Overlord x2  
  173  7:56  Zergling x4  
  173  7:57  Overseer  
  175  8:02  Baneling x12  
  175  8:03  Hatchery  
  175  8:05  Zergling x6  
  177  8:10  Zergling x2  
  177  8:11  Zergling x8  
  180  8:16  Zergling x8  
  180  8:17  Zergling x10  
  187  8:28  Baneling x18  
  187  8:31  Zergling x12  
  194  8:34  Drone, Spine Crawler  
  194  8:39  Zergling x10  
  198  8:44  Baneling x7  
  198  8:45  Baneling x3  
  198  8:52  Extractor  
  200  9:04  Adrenal Glands  
  198  9:10  Viper  
  198  9:16  Baneling x2  
  198  9:17  Baneling x9  
  198  9:23  Viper  
  179  9:25  Zergling x36  
  196  9:32  Zergling x2  
  196  9:33  Zergling x6  
  196  9:34  Zergling x2  
  196  9:37  Zergling x2  
  196  9:38  Zergling x8  
  192  9:43  Zergling x2  
  187  9:47  Zergling x10  
  187  9:48  Zergling x4  
  184  9:54  Zergling x6  
  184  9:58  Zergling x4  
  184  9:59  Zergling x2  
  188  10:00  Zergling x2  
  188  10:01  Pneumatized Carapace  
  188  10:02  Overlord x2  
  188  10:04  Baneling x2  
  188  10:05  Baneling x18  
  187  10:07  Spore Crawler  
  187  10:08  Drone x2, Overseer  
  187  10:09  Spine Crawler  
  187  10:10  Baneling x10  
  187  10:11  Overlord  
  187  10:13  Zergling x20, Overseer  
  197  10:21  Zergling x6  
  200  10:35  Hatchery  
Show
View Real Time Build Order
Export as new Build Order

GunGFuBanDa Protoss 

Build Orders: 1 Gate Expand 

Get SALT Encoding   

  12  0:00  Probe  
  13  0:12  Probe  
  14  0:21  Pylon  
  14  0:24  Probe  
  15  0:39  Probe (Chrono Boost)  
  15  0:41  Gateway  
  16  0:49  Probe (Chrono Boost), Assimilator  
  17  0:54  Probe (Chrono Boost)  
  18  1:06  Probe  
  19  1:18  Probe  
  20  1:27  Nexus  
  20  1:34  Probe  
  21  1:40  Cybernetics Core  
  21  1:47  Probe, Assimilator  
  22  1:59  Probe, Pylon  
  22  2:11  Probe (Chrono Boost)  
  22  2:14  Adept (Chrono Boost)  
  23  2:18  Warp Gate  
  25  2:24  Probe (Chrono Boost), Cybernetics Core  
  25  2:32  Probe (Chrono Boost)  
  26  2:37  Adept  
  26  2:40  Probe (Chrono Boost)  
  26  2:42  Twilight Council  
  30  2:48  Probe (Chrono Boost)  
  31  2:53  Probe (Chrono Boost)  
  31  2:57  Probe x2 (Chrono Boost)  
  32  3:04  Gateway  
  33  3:07  Probe (Chrono Boost)  
  33  3:09  Probe (Chrono Boost)  
  35  3:13  Stalker  
  35  3:18  Resonating Glaives (Chrono Boost)  
  35  3:19  Probe (Chrono Boost)  
  39  3:28  Probe (Chrono Boost)  
  39  3:29  Probe (Chrono Boost)  
  39  3:33  Gateway  
  40  3:37  Gateway  
  40  3:38  Probe  
  40  3:39  Probe  
  42  3:51  Robotics Facility  
  42  3:53  Probe x2  
  44  4:07  Pylon  
  44  4:08  Adept  
  46  4:12  Nexus  
  46  4:25  Probe x2  
  46  4:26  Adept  
  46  4:27  Pylon  
  46  4:30  Adept x2  
  54  4:36  Assimilator  
  54  4:39  Shield Battery  
  54  4:45  Probe x2  
  54  4:46  Observer  
  57  4:58  Probe  
  57  4:59  Probe, Robotics Bay  
  59  5:10  Probe, Adept  
  59  5:13  Pylon  
  62  5:15  Pylon  
  62  5:16  Pylon  
  62  5:23  Probe (Chrono Boost)  
  62  5:25  Probe (Chrono Boost)  
  65  5:28  Probe (Chrono Boost)  
  65  5:32  Adept x4, Observer  
  65  5:33  Probe (Chrono Boost)  
  65  5:34  Probe (Chrono Boost)  
  75  5:35  Blink (Chrono Boost)  
  75  5:37  Shield Battery  
  75  5:44  Probe  
  75  5:45  Probe x2  
  75  5:47  Disruptor  
  81  5:51  Forge  
  81  5:52  Observer  
  81  5:56  Probe  
  83  5:57  Probe x2, Assimilator  
  84  6:08  Probe  
  84  6:09  Probe  
  84  6:11  Probe  
  86  6:20  Probe  
  86  6:21  Probe, Protoss Ground Weapons Level 1 (Chrono Boost)  
  86  6:22  Disruptor (Chrono Boost)  
  86  6:23  Probe  
  92  6:28  Gateway x2  
  92  6:30  Stalker x2  
  92  6:32  Gateway, Photon Cannon  
  96  6:38  Pylon  
  96  6:39  Probe  
  97  6:40  Sentry  
  97  6:45  Probe  
  97  6:46  Assimilator  
  100  6:52  Assimilator  
  100  6:58  Observer (Chrono Boost)  
  101  7:03  Stalker x3  
  101  7:06  Pylon  
  101  7:07  Pylon  
  107  7:08  Stalker  
  108  7:18  Photon Cannon  
  108  7:19  Observer  
  108  7:20  Pylon  
  108  7:24  Warp Prism (Chrono Boost)  
  108  7:28  Stalker x5  
  118  7:47  Stalker x2  
  118  7:50  Photon Cannon  
  122  7:52  Pylon  
  122  7:55  Charge (Chrono Boost)  
  122  7:57  Pylon  
  120  8:00  Pylon  
  120  8:01  Pylon  
  120  8:03  Pylon  
  120  8:04  Disruptor (Chrono Boost)  
  123  8:06  Pylon  
  115  8:18  Stalker x3  
  115  8:19  Stalker x4  
  128  8:28  Forge  
  128  8:38  Nexus  
  128  8:39  Pylon  
  128  8:47  Stalker x5  
  128  8:48  Stalker x2  
  142  8:53  Disruptor  
  145  9:04  Probe  
  145  9:06  Photon Cannon  
  145  9:08  Photon Cannon  
  146  9:11  Shield Battery  
  146  9:13  Pylon  
  144  9:36  Zealot x3  
  144  9:37  Zealot x4  
  125  9:51  Probe (Chrono Boost)  
  109  9:54  Pylon  
  109  9:57  Probe x2 (Chrono Boost)  
  104  10:00  Stalker x3  
  104  10:01  Stalker x4  
  104  10:03  Probe (Chrono Boost)  
  104  10:05  Probe x2 (Chrono Boost)  
  121  10:27  Stalker x3  
  121  10:28  Sentry x3  
  133  10:35  Pylon  
Tags
 
Add a new tag
Caveats
  • Supply blocks, unpowered buildings, or Contaminate may cause inaccurate times.
  • Supply counts are checked every 10 seconds.